[Event "Early-Titled-Tuesday-Blitz-February-13-2024"]
[Site "Chess.com"]
[Date "2024.02.13"]
[Round "4"]
[White "Keeper0416"]
[Black "Sychev_Klementy"]
[Result "0-1"]
[WhiteElo "2592"]
[BlackElo "2914"]
[TimeControl "180+1"]
[EndTime "8:43:06 PST"]
[Termination "Sychev_Klementy won by resignation"]

1. d4 Nf6 2. Nf3 g6 3. Nbd2 Bg7 4. e4 O-O 5. e5 Nd5 6. Bc4 Nb6 7.
O-O Nxc4 8. Nxc4 d6 9. h3 dxe5 10. Ncxe5 c5 11. dxc5 Qc7 12. Nd3 e5 13. Nb4 Qxc5 14.
c3 Be6 15. Be3 Qa5 16. Ng5 Bf5 17. Nd5 Nc6 18. g4 Bc8 19. b4 Qd8 20. Qb3 h6 21. Ne4 Be6 22. Rad1 Nd4 23. cxd4 Bxd5 24. Qb1 Qh4 25.
dxe5 Bc4 26. Rfe1 Qxh3 27. Rd4 Qxg4+ 28. Ng3 Qe6 29. Bf4 Bxa2 30. Qa1 Bd5 31. Qd1 Bc6 32. Ne4 Rfe8 33. Nc5 Qh3 34. f3 Bxf3 35. Qd2 Qg4+ 36. Kf2 Bc6 37. Bg3 Qf3+ 38. Kg1 Qxg3+ 0-1

[Event "Early-Titled-Tuesday-Blitz-February-13-2024"]
[Site "Chess.com"]
[Date "2024.02.13"]
[Round "4"]
[White "toog"]
[Black "PavelShkapenko"]
[Result "1/2-1/2"]
[WhiteElo "2558"]
[BlackElo "2764"]
[TimeControl "180+1"]
[EndTime "8:43:06 PST"]
[Termination "Game drawn by repetition"]

1. d4 d5 2. Nf3 c5 3. c3 Nc6 4. Bf4 cxd4 5. cxd4 Bf5 6. Nc3 e6 7. e3 Bb4 8. Bd3 Nge7 9. O-O O-O 10. h3 Bxc3 11. bxc3 Bxd3 12. Qxd3 Na5 13. Nd2 Rc8 14. Rab1 b6 15. Rfc1 Qd7 16. c4 Nxc4 17. Nxc4 dxc4 18. Rxc4 Rxc4 19. Qxc4 Rc8 20. Qb3 Nd5 21. Bg3 Qc6 22. Rd1 Nc3 23. Re1 b5 24. Kh2 a5 25. a3 Qc4 26. Qxc4 Rxc4 27. Kg1 f6 28. Kf1 Ra4 29. Bd6 Ne4 30. Bc5 Nxc5 31. dxc5 Rc4 32. Ke2 Rxc5 33. Rd1 Kf7 34. Rd7+ Kg6 35. Rb7 h5 36. Kf3 Rc3 37. Rxb5 Rxa3 38. g4 hxg4+ 39. hxg4 e5 40. Ke4 Ra4+ 41. Kf3 Ra2 42. Kg3 a4 43.
Ra5 Ra1 44. f4 exf4+ 45. exf4 a3 46. Ra7 Kh7 47. Kg2 Kh6 48. Kg3 g6 49. Kh4 g5+ 50. fxg5+ fxg5+ 51. Kg3 Kg6 52. Ra5 Kf6 53. Kg2 Ra2+ 54.
Kg3 Ra1 55. Kg2 Kg6 56. Kg3 Kf6 1/2-1/2

[Event "Early-Titled-Tuesday-Blitz-February-13-2024"]
[Site "Chess.com"]
[Date "2024.02.13"]
[Round "4"]
[White "Irishchessman16"]
[Black "PepeCuenca"]
[Result "1-0"]
[WhiteElo "2528"]
[BlackElo "2714"]
[TimeControl "180+1"]
[EndTime "8:43:06 PST"]
[Termination "Irishchessman16 won on time"]

1. d4 Nf6 2. c4 g6 3. h4 c5 4. d5 b5 5. cxb5 a6 6. e3 Bg7 7. Nc3 axb5 8. Bxb5 Ba6 9. Bxa6 Rxa6 10. Nf3 d6 11. O-O O-O 12. e4 Nbd7 13. Qe2 Qa8 14. Re1 Ng4 15. h5 Nge5 16. Nh2 Nb6 17. h6 Bh8 18. f4 Nec4 19. Nf3 Na5 20. Rb1 Ra7 21. Nb5 Rd7 22. b3 Nb7 23. a4 c4 24. Be3 Qa6 25. bxc4 Rc8 26. Rec1 Na5 27. c5 dxc5 28. Rxc5 Rxc5 29. Bxc5 Nxa4 30. Bd4 Bxd4+ 31. Nfxd4 Qb6 32. Kh1 Nc5 33. Nc3 Qa7 34. Qb5 f6 35. Nc6 Nxc6 36.
dxc6 Rc7 37. Qc4+ Kf8 38. Nb5 1-0

[Event "Early-Titled-Tuesday-Blitz-February-13-2024"]
[Site "Chess.com"]
[Date "2024.02.13"]
[Round "4"]
[White "Ariadna_Atreides"]
[Black "FredddieCroderg"]
[Result "0-1"]
[WhiteElo "2143"]
[BlackElo "2314"]
[TimeControl "180+1"]
[EndTime "8:43:06 PST"]
[Termination "FredddieCroderg won on time"]

1. d4 g6 2. c4 Bg7 3. e4 d6 4. Nc3 Nc6 5. Be3 e5 6. Nge2 exd4 7. Nxd4 Nge7 8. Qd2 O-O 9. O-O-O Bd7 10. Nxc6 bxc6 11. Bh6 c5 12. h4 Nc6 13. h5 Bxh6 14. Qxh6 g5 15. f4 f6 16. e5 Nd4 17. Bd3 Bf5 18. Nd5 dxe5 19. fxg5 Bxd3 20. Rxd3 fxg5 21. Rg3 Rf5 22. Ne3 Ne2+ 23. Kc2 Nxg3 24. Nxf5 Nxf5 25. Qe6+ Kh8 26. Qxf5 Qe7 27. Re1 Rf8 28. Qxe5+ Qxe5 29.
Rxe5 Rf2+ 30. Kc3 Rxg2 31. Rxc5 g4 32. Rxc7 g3 33. h6 Kg8 34. Rg7+ Kf8 35. Rxh7 Rh2 36. Rg7 g2 37. Rg3 Rh3 38. Rxh3 g1=Q 0-1

[Event "Early-Titled-Tuesday-Blitz-February-13-2024"]
[Site "Chess.com"]
[Date "2024.02.13"]
[Round "4"]
[White "Iball95"]
[Black "wonderfultime"]
[Result "0-1"]
[WhiteElo "2894"]
[BlackElo "3071"]
[TimeControl "180+1"]
[EndTime "8:43:07 PST"]
[Termination "wonderfultime won by checkmate"]

1. e4 e5 2. Nf3 Nc6 3. Nc3 Nf6 4. Bb5 Bb4 5. Nd5 Be7 6. Nxe7 Qxe7 7. O-O O-O 8. Re1 d6 9. h3 a6 10. Bf1 h6 11. c3 Nh7 12. d4 Bd7 13. a4 Ng5 14. Nxg5 hxg5 15. d5 Nd8 16. b4 g6 17. Qd2 f6 18. f3 Nf7 19. c4 f5 20. Bb2 g4 21. exf5 gxf3 22. fxg6 Nh8 23. Bd4 Nxg6 24.
g3 Qh7 25. Bc3 f2+ 26. Kh2 fxe1=Q 27. Rxe1 Rxf1 28. Rxf1 Qxh3+ 29. Kg1 Qxg3+ 30. Kh1 Rf8 31. Rg1 Qh3+ 32. Qh2 Qxh2+ 33. Kxh2 Rf2+ 34. Kg3 Rc2 35.
Bxe5 Nxe5 36. c5 Kf7 37. Kf4 Rc4+ 38. Ke3 Rxb4 39. c6 bxc6 40. dxc6 Bxc6 41. a5 Rb3+ 42.
Kd4 Nf3+ 43. Kc4 Bd5+ 44. Kxd5 Nxg1 45. Kc6 Rb5 46. Kd7 d5 47. Kc6 d4 48. Kd7 d3 49.
Kc6 d2 50. Kd7 d1=Q+ 51. Kc8 c5 52. Kc7 c4 53. Kc6 c3 54. Kc7 c2 55. Kc6 c1=Q# 0-1

[Event "Early-Titled-Tuesday-Blitz-February-13-2024"]
[Site "Chess.com"]
[Date "2024.02.13"]
[Round "4"]
[White "pooh2012"]
[Black "Suleyman_Chess06"]
[Result "0-1"]
[WhiteElo "2567"]
[BlackElo "2772"]
[TimeControl "180+1"]
[EndTime "8:43:07 PST"]
[Termination "Suleyman_Chess06 won on time"]

1. Nf3 d5 2. g3 Nf6 3. Bg2 e6 4. c4 dxc4 5. Na3 Bxa3 6. bxa3 O-O 7. Qc2 a6 8. a4 b5 9. Ne5 Ra7 10. O-O Bb7 11. Bxb7 Rxb7 12. axb5 axb5 13. a4 c6 14. Ba3 Re8 15. Rfb1 Qc7 16. f4 Nbd7 17. Nf3 Reb8 18. e4 Qb6+ 19. Kg2 Ng4 20. Kh3 h5 21. Bd6 Rd8 22. a5 Qf2 23. Rf1 Qe2 24. Rae1 Qd3 25. Qxd3 cxd3 26. Ra1 Nb8 27. e5 Na6 28. Nd4 c5 29.
Nc6 Rdd7 30. Rfc1 c4 31. Kg2 Nh6 32. h3 Nf5 33. Bb4 Nd4 34. Nxd4 Rxd4 35. Bc3 Rd5 36. Rab1 b4 37. Bb2 Rc5 38. Ra1 Rc6 39. Kf3 Rb5 40.
Bd4 Rd5 41. Ke4 b3 42. Ra4 b2 0-1

[Event "Early-Titled-Tuesday-Blitz-February-13-2024"]
[Site "Chess.com"]
[Date "2024.02.13"]
[Round "4"]
[White "JonaszBaum"]
[Black "KanalSzachowy"]
[Result "0-1"]
[WhiteElo "2649"]
[BlackElo "2416"]
[TimeControl "180+1"]
[EndTime "8:43:08 PST"]
[Termination "KanalSzachowy won by checkmate"]

1. e4 c5 2. Nf3 Nc6 3. Nc3 e5 4. Bc4 Be7 5. d3 d6 6. O-O Nf6 7. a4 O-O 8. Bg5 h6 9. Bxf6 Bxf6 10. h3 Be6 11. Nd5 a6 12. c3 Kh7 13. Qd2 g6 14.
b4 cxb4 15. cxb4 Bg7 16. b5 Nd4 17. Nxd4 exd4 18. bxa6 bxa6 19. Rab1 Rb8 20. a5 f5 21.
Rxb8 Qxb8 22. Bxa6 Bxd5 23. exd5 f4 24. f3 Bf6 25. Bc4 Bh4 26. a6 Bg3 27. Ra1 Rf7 28. Qe2 Ra7 29. Qc2 Qe8 30. Rb1 Qe3+ 31. Kh1 Re7 32.
Qc1 g5 33. Bb5 h5 34. Qd1 g4 35. fxg4 hxg4 36. Bc6 f3 37. Qf1 Qe2 38. hxg4 f2 39.
a7 Qxf1+ 40. Rxf1 Re1 41. a8=Q Rxf1# 0-1

[Event "Early-Titled-Tuesday-Blitz-February-13-2024"]
[Site "Chess.com"]
[Date "2024.02.13"]
[Round "4"]
[White "emeli_chess"]
[Black "Kunalm64"]
[Result "1/2-1/2"]
[WhiteElo "2374"]
[BlackElo "2534"]
[TimeControl "180+1"]
[EndTime "8:43:08 PST"]
[Termination "Game drawn by repetition"]

1. d4 Nf6 2. c4 e6 3. Nc3 Bb4 4. Qc2 d5 5. cxd5 Qd6 6. dxe6 Bxe6 7. Nf3 O-O 8. e3 c5 9. Bd2 Nc6 10. a3 cxd4 11. Nxd4 Nxd4 12. exd4 Rfe8 13. Be3 Bxc3+ 14. bxc3 Nd5 15. Bb5 Bd7 16. Bxd7 Qxd7 17. O-O Rac8 18. Bd2 Nb6 19. Qd3 h6 20. Rfe1 Qd5 21. Rxe8+ Rxe8 22. Re1 Rxe1+ 23. Bxe1 Nc4 24. a4 Qe6 25. Kf1 Qd5 26. f3 a6 27. Qe4 b5 28. Qxd5 Ne3+ 29. Ke2 Nxd5 30. axb5 axb5 31. Bd2 f5 32. Kd3 Kf7 33. c4 bxc4+ 34. Kxc4 Ke6 35. Kc5 h5 36. h3 f4 37.
Kc6 h4 38. Be1 g5 39. Bd2 Ne7+ 40. Kc5 Nd5 41. Kc6 Ne3 42. Ba5 Nd5 43. Bd2 1/2-1/2

[Event "Early-Titled-Tuesday-Blitz-February-13-2024"]
[Site "Chess.com"]
[Date "2024.02.13"]
[Round "4"]
[White "marsofsilva"]
[Black "rhungaski"]
[Result "0-1"]
[WhiteElo "2091"]
[BlackElo "2486"]
[TimeControl "180+1"]
[EndTime "8:43:08 PST"]
[Termination "rhungaski won on time"]

1. e4 g6 2. d4 Bg7 3. Nf3 d6 4. c3 Nd7 5. Bd3 e5 6. Nbd2 exd4 7. cxd4 Ngf6 8. O-O O-O 9. Nb1 c5 10. Nc3 a6 11. Bf4 cxd4 12. Nxd4 Nh5 13. Be3 Ne5 14. Be2 Nf6 15. h3 Re8 16. Qd2 b5 17. Bg5 Bb7 18.
Rad1 b4 19. Nd5 Nxe4 20. Bxd8 Nxd2 21. Rxd2 Rexd8 22. Nxb4 a5 23. Nbc2 a4 24. Rfd1 Bh6 25. Ne3 a3 26. b3 Re8 27. Nb5 Nc6 28. Nxd6 Rxe3 29. Nxb7 Re7 30. Rd7 Rxe2 31. Nd6 Rf8 32. Rc7 Nb4 33. Rb7 Nxa2 34. b4 Nc3 35. Rd3 Re1+ 36. Kh2 a2 37. Ra7 Bf4+ 38. g3 Bxd6 0-1

[Event "Early-Titled-Tuesday-Blitz-February-13-2024"]
[Site "Chess.com"]
[Date "2024.02.13"]
[Round "4"]
[White "lilleper1"]
[Black "AlexeiShirov"]
[Result "1/2-1/2"]
[WhiteElo "2977"]
[BlackElo "2837"]
[TimeControl "180+1"]
[EndTime "8:43:09 PST"]
[Termination "Game drawn by repetition"]

1. e4 e5 2. Nf3 Nc6 3. Bb5 a6 4. Ba4 Nf6 5. d3 d6 6. O-O g6 7.
c3 Bg7 8. Re1 O-O 9. h3 Nh5 10.
Nbd2 f5 11. exf5 Nf4 12. Bb3+ Kh8 13. f6 Qxf6 14. Ne4 Nxh3+ 15. gxh3 Qxf3 16. Qxf3 Rxf3 17. Ng5 Rf5 18. Nf7+ Rxf7 19. Bxf7 Bxh3 20. Bd5 Rf8 21.
Be3 Bc8 22. a4 Ne7 23. Bh1 Nf5 24. Bd2 Nh4 25. a5 Nf3+ 26. Bxf3 Rxf3 27. Re3 Rf7 28. Rg3 Bf5 29. Ra4 d5 30. Rh4 Kg8 31. Bg5 e4 32. dxe4 Bxe4 33. Rf4 Be5 34. Rxf7 Kxf7 35. Re3 Bd6 36. f3 Bf5 37. Re1 c5 38. Kf2 d4 39.
Rd1 d3 40. Ke3 c4 41. Kd2 Bc7 42. Re1 Bd6 43. Bh6 Be6 44. Bg5 Bd5 45. Ke3 Bc5+ 46. Kd2 Bd6 47. Ke3 Bc5+ 48. Kd2 Bd6 1/2-1/2

[Event "Early-Titled-Tuesday-Blitz-February-13-2024"]
[Site "Chess.com"]
[Date "2024.02.13"]
[Round "4"]
[White "Beca95"]
[Black "twofoxniel"]
[Result "1-0"]
[WhiteElo "2933"]
[BlackElo "2611"]
[TimeControl "180+1"]
[EndTime "8:43:09 PST"]
[Termination "Beca95 won on time"]

1. d4 d5 2. Nf3 c6 3. Bf4 Qb6 4.
Nbd2 Nf6 5. c4 Bf5 6. Qc1 e6 7. a3 Nbd7 8. h3 Be7 9. e3 Ne4 10. b4 O-O 11. Be2 Rfe8 12. O-O Bf6 13. Bh2 h6 14. c5 Qd8 15. Ne5 Nxd2 16. Qxd2 Bxe5 17. dxe5 f6 18. exf6 Qxf6 19. Bd6 a6 20. a4 Qg6 21. Kh2 Nf6 22. f3 e5 23. b5 axb5 24. axb5 Rxa1 25. Rxa1 Bc8 26. Ra7 Nh5 27. g4 Nf6 28. bxc6 bxc6 29. Rc7 e4 30. f4 Bd7 31. Qb2 Ra8 32. Be5 Be8 33. Bd4 Ra4 34. Bd1 Ra8 35. Kg2 Nd7 36.
Bb3 Rb8 37. f5 Qg5 38. Rxc6 Nf6 39. Bxf6 gxf6 40. Bxd5+ Kg7 41. Rc7+ Kh8 42. Qxb8 1-0

[Event "Early-Titled-Tuesday-Blitz-February-13-2024"]
[Site "Chess.com"]
[Date "2024.02.13"]
[Round "4"]
[White "bulletteemo"]
[Black "jocmil"]
[Result "1-0"]
[WhiteElo "2565"]
[BlackElo "2741"]
[TimeControl "180+1"]
[EndTime "8:43:09 PST"]
[Termination "bulletteemo won by resignation"]

1. e4 c6 2. Nc3 d5 3. Nf3 Bg4 4. h3 Bh5 5. exd5 cxd5 6. g4 Bg6 7. Bb5+ Nc6 8. Ne5 Rc8 9. d4 e6 10. Bf4 f6 11. Bxc6+ bxc6 12. Nxg6 hxg6 13. Qe2 Kf7 14. Kf1 Bd6 15. Bd2 g5 16. Kg2 Ne7 17. Rhe1 Qd7 18. Na4 Ng6 19. b3 Rh4 20. c4 Rch8 21. Rh1 Bf4 22.
Nc5 Qd6 23. Bb4 dxc4 24. bxc4 a5 25. Ba3 e5 26. Rab1 Kg8 27. Qe4 Kh7 28. d5 cxd5 29.
cxd5 Kh6 30. Rb3 a4 31. Nxa4 Qa6 32. Nc5 Qa7 33. Ne6 Rc8 34. d6 Ra8 35. Rd1 Qa4 36.
Qxa4 Rxa4 37. d7 Ra8 38. d8=Q Rxd8 39. Rxd8 e4 40. Rd7 Ne5 41. Bf8 f5 42. Bxg7+ 1-0

[Event "Early-Titled-Tuesday-Blitz-February-13-2024"]
[Site "Chess.com"]
[Date "2024.02.13"]
[Round "4"]
[White "LiamPutnam2008"]
[Black "edgarhay012"]
[Result "0-1"]
[WhiteElo "2806"]
[BlackElo "2629"]
[TimeControl "180+1"]
[EndTime "8:43:10 PST"]
[Termination "edgarhay012 won on time"]

1. d4 Nf6 2. Bf4 g6 3. Nc3 d5 4. e3 Bg7 5. h4 h6 6. Nf3 Bf5 7. Ne5 c6 8. g4 Be6 9. Bd3 Nbd7 10. Nxg6 fxg6 11. Bxg6+ Bf7 12. Bd3 Qb6 13. Qf3 Qxb2 14.
Kd2 Qa3 15. g5 hxg5 16. hxg5 Ne4+ 17. Nxe4 dxe4 18. Qxe4 O-O-O 19. Rhb1 e5 20. Bg3 exd4 21. exd4 Qa5+ 22. c3 Rhe8 23. Qf4 Ne5 24. Qf5+ Be6 25. Qe4 Nxd3 26. Qxd3 Qxg5+ 27. f4 Qh5 28. Rh1 Qf5 29. Qxf5 Bxf5 30. Rhg1 Bf6 31. Rae1 c5 32. Rxe8 Rxe8 33. d5 c4 34. Kc1 Rd8 35. Rd1 Bxc3 36. d6 Bb4 37. Rh1 Rxd6 38. Rh8+ Rd8 39. Rh5 Be4 40. Rh2 Ba3+ 41. Rb2 c3 0-1

[Event "Early-Titled-Tuesday-Blitz-February-13-2024"]
[Site "Chess.com"]
[Date "2024.02.13"]
[Round "4"]
[White "Lion_DL"]
[Black "FMStan15"]
[Result "1-0"]
[WhiteElo "2463"]
[BlackElo "2021"]
[TimeControl "180+1"]
[EndTime "8:43:10 PST"]
[Termination "Lion_DL won on time"]

1. d4 Nf6 2. c4 g6 3. h4 h5 4. Nc3 d6 5. e4 Bg7 6. Be2 Bg4 7. f3 Bd7 8. Bg5 Nc6 9. d5 Ne5 10. Qd2 a6 11. Nh3 Bxh3 12. Rxh3 Rb8 13. O-O-O Nh7 14. Be3 Qd7 15. Kb1 b5 16. c5 Nc4 17. Bxc4 bxc4 18.
c6 Qd8 19. Bd4 Nf6 20. g4 hxg4 21. fxg4 Rh7 22. Qe2 Ng8 23. Bxg7 Rxg7 24. Qxc4 Nf6 25. Qe2 Qc8 26. Rg1 Rh7 27. Rhh1 a5 28. h5 gxh5 29.
gxh5 e5 30. Qf3 Ke7 31. h6 Qh8 32. Qe3 Rg8 33. Rxg8 Nxg8 34. Qa7 Rxh6 35. Qxc7+ Kf8 36. Qd8+ Kg7 37. Qg5+ Rg6 38. Qc1 Rh6 39. Rxh6 Nxh6 40. Qg5+ Kf8 41. Qd8+ Kg7 42. Qxh8+ Kxh8 43. c7 1-0

[Event "Early-Titled-Tuesday-Blitz-February-13-2024"]
[Site "Chess.com"]
[Date "2024.02.13"]
[Round "4"]
[White "GianmarcoVaR"]
[Black "AryanTari"]
[Result "0-1"]
[WhiteElo "2715"]
[BlackElo "2933"]
[TimeControl "180+1"]
[EndTime "8:43:11 PST"]
[Termination "AryanTari won on time"]

1. e4 e5 2. Nf3 Nc6 3. Bc4 Nf6 4. d3 Bc5 5. O-O d6 6. c3 a5 7. Nbd2 O-O 8. h3 h6 9. Re1 Be6 10. Bb5 Bb6 11. Nc4 Bc5 12. Ncd2 Bb6 13. Nf1 Ne7 14. d4 exd4 15. cxd4 d5 16. e5 Ne4 17. Be3 Nf5 18. Rc1 c6 19. Bd3 f6 20. N1d2 Nxd2 21. Qxd2 fxe5 22.
Bxf5 Bxf5 23. dxe5 Bxh3 24. e6 Rxf3 25. Bxb6 Qxb6 26. gxf3 Re8 27. e7 Qb4 28. Qxb4 axb4 29. a3 bxa3 30. bxa3 Kf7 31. Rb1 b5 32. a4 bxa4 33. Rb4 Rxe7 34. Rf4+ Ke8 35. Ra1 Ra7 36. Rh4 Bf5 37. Rhxa4 Rxa4 38. Rxa4 h5 39. Ra7 g6 40.
Kf1 h4 41. Ke2 h3 42. Ke3 c5 43. Kf4 d4 44. Kg3 c4 45. Ra4 Be6 46. Ra6 Kd7 47. Ra7+ Kd6 48. Ra6+ Ke5 49. f4+ Kf6 50. Rd6 c3 51.
Rc6 Ke7 52. f3 Kd7 53. Rc5 Kd6 0-1

[Event "Early-Titled-Tuesday-Blitz-February-13-2024"]
[Site "Chess.com"]
[Date "2024.02.13"]
[Round "4"]
[White "Semetey"]
[Black "Shodikulov_Jamshid1990"]
[Result "1-0"]
[WhiteElo "2655"]
[BlackElo "2370"]
[TimeControl "180+1"]
[EndTime "8:43:11 PST"]
[Termination "Semetey won by resignation"]

1. e4 c5 2. Nf3 d6 3. d4 cxd4 4. Nxd4 Nf6 5. Nc3 a6 6. h3 e6 7.
g4 b5 8. Bg2 Bb7 9. g5 Nfd7 10.
a3 Qc7 11. h4 Nc6 12. h5 Nxd4 13. Qxd4 Ne5 14. f4 Nc6 15. Qf2 Rg8 16. Be3 g6 17. hxg6 hxg6 18. f5 Ne5 19. O-O-O Nc4 20. Rh7 gxf5 21. exf5 Nxe3 22. Bxb7 Nxd1 23. Qf3 Nxc3 24. fxe6 Bg7 25. Bxa8 fxe6 26. Bc6+ Kd8 27. bxc3 Qe7 28. Qe3 Kc8 29. Bd5 Kd7 30. Qa7+ Ke8 31. Qa8+ Kf7 32. g6+ Kxg6 33. Qxg8 exd5 34. Rh1 Qe3+ 35. Kb1 a5 36. Qxd5 Bf6 37. Qh5+ Kg7 38. Qh7+ Kf8 39. Qh6+ Qxh6 40.
Rxh6 Kg7 41. Rh5 Bxc3 42. Rxb5 Kf6 43. Ka2 Ke6 44. Kb3 Bd2 45. c3 a4+ 46. Kc2 Be1 47. Rb4 d5 48. Rxa4 Ke5 49. Rg4 1-0

[Event "Early-Titled-Tuesday-Blitz-February-13-2024"]
[Site "Chess.com"]
[Date "2024.02.13"]
[Round "4"]
[White "Philosopherrr"]
[Black "Alexchess1984"]
[Result "1-0"]
[WhiteElo "2413"]
[BlackElo "2646"]
[TimeControl "180+1"]
[EndTime "8:43:13 PST"]
[Termination "Philosopherrr won by checkmate"]

1. e4 c5 2. Nf3 g6 3. c3 Bg7 4.
Bd3 Nc6 5. Bc2 d5 6. exd5 Qxd5 7.
O-O Nf6 8. h3 O-O 9. d3 e5 10.
Qe2 b6 11. Nbd2 Ba6 12. Re1 Rfe8 13. Ng5 Re7 14. Nge4 Ne8 15. Nc4 Rd8 16. Ne3 Qd7 17. Rd1 h6 18. Nc4 f5 19. Ng3 Nd6 20. Bb3 Nxc4 21. dxc4 Qc7 22. Rd5 Na5 23. Rxd8+ Qxd8 24. Bd2 Rd7 25. Be1 Nxb3 26. axb3 Bc8 27. Nf1 e4 28. Ne3 a5 29. Nd5 Ba6 30. Qc2 Bb7 31. Nf4 g5 32. Ne6 Qe7 33. Nxg7 Kxg7 34. b4 cxb4 35. cxb4 axb4 36. Qb3 Qe6 37. Bxb4 Qc6 38. Bc3+ Kg6 39. c5 e3 40. Qg8+ Kh5 41. Qe8+ Kh4 42. f3 Rh7 43. Be1# 1-0

[Event "Early-Titled-Tuesday-Blitz-February-13-2024"]
[Site "Chess.com"]
[Date "2024.02.13"]
[Round "4"]
[White "yaguigor"]
[Black "Ron_Weasley_Chess"]
[Result "0-1"]
[WhiteElo "2682"]
[BlackElo "2450"]
[TimeControl "180+1"]
[EndTime "8:43:13 PST"]
[Termination "Ron_Weasley_Chess won by resignation"]

1. d4 Nf6 2. c4 c5 3. d5 b5 4. cxb5 a6 5. bxa6 g6 6. Nc3 Bg7 7. e4 O-O 8. Nf3 Qa5 9. a7 Nxe4 10. axb8=Q Rxb8 11. Bd2 Nxd2 12. Nxd2 Rxb2 13. Ne2 c4 14.
Rc1 c3 15. Nc4 Qb4 16. Nd4 Rxa2 17. Qb3 Qc5 18. Qxa2 Bxd4 19. Bd3 Qxd5 20. f3 Bb7 21. Qe2 Rc8 22. h4 Ba6 23. Qe4 Bxc4 24. Qxd5 Bxd5 25. Ke2 Bf6 26. h5 Rb8 27. Rb1 Rb2+ 28. Rxb2 cxb2 29. hxg6 hxg6 30. Be4 Bxe4 31. fxe4 d6 32. g4 Be5 33.
Kd3 Kg7 34. Ke3 Kf6 35. Kf3 Kg5 36. Rf1 Bf4 37. Rb1 Bc1 38. Kg3 e5 39. Kf3 Kh4 0-1

[Event "Early-Titled-Tuesday-Blitz-February-13-2024"]
[Site "Chess.com"]
[Date "2024.02.13"]
[Round "4"]
[White "Fonsofan"]
[Black "ilushka"]
[Result "0-1"]
[WhiteElo "2666"]
[BlackElo "2470"]
[TimeControl "180+1"]
[EndTime "8:43:14 PST"]
[Termination "ilushka won on time"]

1. e4 e6 2. d3 d5 3. Nd2 Nf6 4.
Ngf3 b6 5. g3 Be7 6. Bg2 dxe4 7.
Ng5 Bb7 8. O-O O-O 9. Ndxe4 Nxe4 10. Nxe4 Qc8 11. Qh5 Nd7 12. Re1 Nf6 13. Qh4 Re8 14. Bg5 Nd5 15. Bxe7 Nxe7 16. c3 Nf5 17. Qh5 Nd6 18.
Ng5 h6 19. Nf3 Qd8 20. Rad1 Qf6 21. Ne5 Bxg2 22. Kxg2 Qf5 23. Qf3 c5 24. Qc6 Red8 25. d4 Rac8 26. Qf3 Qxf3+ 27. Nxf3 Nc4 28. b3 Na5 29. c4 Nc6 30. d5 exd5 31. cxd5 Nb4 32. Re7 Nxa2 33. Rxa7 Nc3 34. Re1 Nxd5 35. Ne5 Rc7 36. Rxc7 Nxc7 37. Nc6 Re8 38. Rd1 Ne6 39.
Rd7 Kf8 40. Na7 Re7 41. Rxe7 Kxe7 42. Nc6+ Kd6 43. Na7 Nd4 44. f4 Kc7 0-1

[Event "Early-Titled-Tuesday-Blitz-February-13-2024"]
[Site "Chess.com"]
[Date "2024.02.13"]
[Round "4"]
[White "Barmen_EV"]
[Black "arctic_t00"]
[Result "0-1"]
[WhiteElo "2498"]
[BlackElo "2705"]
[TimeControl "180+1"]
[EndTime "8:43:15 PST"]
[Termination "arctic_t00 won by checkmate"]

1. e4 e6 2. d4 d5 3. Nd2 c5 4. c3 a6 5. Ngf3 Nc6 6. Bd3 cxd4 7. cxd4 dxe4 8. Nxe4 Bb4+ 9. Nc3 Nf6 10. O-O O-O 11. Re1 b5 12. Bb1 Bb7 13. a3 Be7 14. Qd3 g6 15. Bh6 Re8 16. Ba2 b4 17. Ne4 Nxe4 18. Qxe4 b3 19. Bb1 Bf6 20. Ne5 Nxe5 21. Qxb7 Qxd4 22.
Be4 Rab8 23. Qxa6 Ng4 24. Be3 Qxe4 25. f3 Qxe3+ 26. Rxe3 Nxe3 27. Qe2 Nc2 28. Rb1 Bd4+ 29. Kh1 e5 30. a4 Rb4 31. a5 Ra8 32. a6 Kg7 33. f4 exf4 34. Rf1 Bxb2 35. Rb1 Bf6 36.
h3 Nd4 37. Qd3 b2 38. Qd2 Nc6 39. Qd3 Ra4 40. Qb5 R8xa6 41. h4 Ra1 42. Qd3 Rxb1+ 43. Qxb1 Ra1 44. Kh2 Rxb1 45. h5 Rc1 46. h6+ Kxh6 47.
g4 b1=Q 48. Kg2 Rg1+ 49. Kf3 Qd1+ 50. Ke4 Qd4+ 51. Kf3 Qe3# 0-1

[Event "Early-Titled-Tuesday-Blitz-February-13-2024"]
[Site "Chess.com"]
[Date "2024.02.13"]
[Round "4"]
[White "Roman_Ovetchkin"]
[Black "cthulhuuu"]
[Result "1-0"]
[WhiteElo "2632"]
[BlackElo "2422"]
[TimeControl "180+1"]
[EndTime "8:43:15 PST"]
[Termination "Roman_Ovetchkin won by resignation"]

1. d4 Nf6 2. c4 e5 3. dxe5 Ng4 4. e3 Nxe5 5. Nh3 d5 6. cxd5 Bxh3 7.
gxh3 Bd6 8. Bg2 Nbd7 9. Nc3 O-O 10. O-O f5 11. Ne2 Qh4 12. Nf4 Rae8 13. Qh5 Qxh5 14. Nxh5 Nd3 15. Rd1 N7c5 16. Bf1 Nxc1 17. Raxc1 g6 18.
Nf4 Bxf4 19. exf4 Ne4 20. Rxc7 Nd6 21. Bd3 Rf7 22. Rdc1 Ree7 23. Rxe7 Rxe7 24. a4 Kf8 25.
a5 Ke8 26. a6 b6 27. Kf1 Kd8 28. Rc6 Kd7 29. h4 Re8 30. b4 Rd8 31. b5 Re8 32. h3 Re7 33. Rc1 Re8 34. Kg2 Re7 35. Kg3 Re8 36. h5 gxh5 37. Kh4 Ne4 38. Bxe4 Rxe4 39.
Kg5 Rd4 40. Rc6 Rxd5 41. Rh6 Rxb5 42. Rxh7+ Ke6 43. Rxa7 Ra5 44. Ra8 b5 45. a7 Kf7 46.
Rh8 Kg7 47. a8=Q 1-0

[Event "Early-Titled-Tuesday-Blitz-February-13-2024"]
[Site "Chess.com"]
[Date "2024.02.13"]
[Round "4"]
[White "IMRosen"]
[Black "AsaHoffmann"]
[Result "1-0"]
[WhiteElo "2677"]
[BlackElo "2428"]
[TimeControl "180+1"]
[EndTime "8:43:16 PST"]
[Termination "IMRosen won on time"]

1. e4 d6 2. d4 c6 3. Nc3 a6 4. a4 Nf6 5. Nge2 e5 6. g3 Qc7 7.
Bg2 Be7 8. h3 O-O 9. Be3 Nbd7 10. O-O a5 11. Qd2 Re8 12. g4 Nf8 13. f4 exf4 14. Nxf4 Ng6 15. Nxg6 hxg6 16. Rae1 Bf8 17. Bf4 Qb6 18. b3 Bd7 19. Kh1 Rad8 20. Qf2 Be6 21.
Be3 Qb4 22. Na2 Qa3 23. Ra1 d5 24. Nc3 Qb4 25. Bd2 Qe7 26. Bg5 Qb4 27. Na2 Qb6 28. e5 Ne4 29. Bxe4 dxe4 30. Bxd8 Rxd8 31. Rad1 Qc7 32.
c4 b5 33. axb5 cxb5 34. d5 Bc8 35. Qf4 bxc4 36. bxc4 f6 37. Qxe4 fxe5 38. Nc3 Ba6 39. Nb5 Qc5 40. Rd2 a4 41. Rdf2 Bxb5 42. cxb5 Qxb5 43.
Qxe5 a3 44. Qe6+ Kh7 45. Rxf8 Rxf8 46. Rxf8 Qb1+ 47. Kg2 Qc2+ 48. Rf2 1-0

[Event "Early-Titled-Tuesday-Blitz-February-13-2024"]
[Site "Chess.com"]
[Date "2024.02.13"]
[Round "4"]
[White "soloderisas"]
[Black "margarita_2703"]
[Result "0-1"]
[WhiteElo "2525"]
[BlackElo "2369"]
[TimeControl "180+1"]
[EndTime "8:43:16 PST"]
[Termination "margarita_2703 won by resignation"]

1. d4 d5 2. Nf3 Nf6 3. Bf4 Bf5 4.
e3 e6 5. c4 Bxb1 6. Qxb1 Bb4+ 7. Kd1 Bd6 8. Bg3 c6 9. Qc2 Ne4 10. Bd3 Nxg3 11. hxg3 h6 12. Ke2 Nd7 13. Rac1 Qa5 14.
a3 f5 15. cxd5 cxd5 16. Bxf5 exf5 17. Qxf5 Qb5+ 18. Kd1 Qb3+ 19. Kd2 Nb6 20. Qe6+ Be7 21. Ne5 Rf8 22. f4 Qxb2+ 23. Rc2 Qxa3 24. Qg6+ Kd8 25. Rhc1 Qd6 26. Qxg7 Rc8 27. Rxc8+ Nxc8 28. Rh1 Qb4+ 29.
Ke2 Nd6 30. Rxh6 Nf5 31. Qg4 Qb5+ 32. Kf2 Nxh6 33. Qe6 Nf5 34. g4 Nd6 35. f5 Ne4+ 36. Kg1 Qb1+ 37. Kh2 Qb5 38. Ng6 Qd7 39. Nxf8 Bxf8 40. Qg6 Qd6+ 41. Kg1 Qxg6 42. fxg6 Bg7 0-1

[Event "Early-Titled-Tuesday-Blitz-February-13-2024"]
[Site "Chess.com"]
[Date "2024.02.13"]
[Round "4"]
[White "FARIZA2018"]
[Black "GoValya"]
[Result "1-0"]
[WhiteElo "2515"]
[BlackElo "2286"]
[TimeControl "180+1"]
[EndTime "8:43:16 PST"]
[Termination "FARIZA2018 won on time"]

1. e4 e6 2. d4 d5 3. Nd2 c5 4. exd5 exd5 5. Ngf3 Nc6 6. Bb5 Nf6 7. O-O Be7 8. dxc5 O-O 9. Nb3 Bg4 10. Be2 a5 11. a4 Ne4 12. Be3 Bf6 13. c3 Re8 14.
h3 Bh5 15. Nfd4 Bxe2 16. Nxe2 Bg5 17. Nf4 Bxf4 18. Bxf4 Qf6 19. Be3 Rad8 20. Qh5 Re5 21. Qg4 h5 22. Qe2 Qe7 23. Rad1 Ng3 24. fxg3 Rxe3 25.
Qf2 Re2 26. Qf3 Rxb2 27. Nd4 Ne5 28. Qxh5 Nc4 29. Rde1 Qc7 30. Qg5 Rf8 31. Kh2 g6 32. Re7 Qb8 33. Rfxf7 Rxf7 34. Qxg6+ Kh8 35. Rxf7 Rxg2+ 36. Kxg2 Ne3+ 37. Kf3 1-0